Map: Catalyst LE

Players

IlIlIlIlIlIl

  • Race: Zerg Zerg
  • League: Grandmaster
  • Spawn Location: 11:00

DokwoN - Winner!

  • Race: Terran Terran
  • League: Grandmaster
  • Spawn Location: 5:00

VOD

Have the link to the VOD?

Description

Time

  • Played on: Dec. 22, 2017, 10:43 a.m.
  • Length: 11:10
Show
View Real Time Build Order
Export as new Build Order

IlIlIlIlIlIl Zerg 

Build Orders: Hatch First 

Get SALT Encoding   

  12  0:00  Drone  
  13  0:13  Overlord  
  13  0:17  Drone  
  14  0:31  Drone x2  
  17  0:35  Drone  
  17  0:53  Hatchery  
  17  0:56  Drone  
  17  1:02  Drone  
  18  1:10  Extractor  
  17  1:18  Drone, Spawning Pool  
  17  1:21  Drone  
  18  1:30  Drone  
  20  2:01  Drone x3  
  20  2:04  Queen  
  20  2:05  Queen  
  20  2:08  Zergling x2  
  27  2:11  Metabolic Boost  
  27  2:12  Zergling x2  
  28  2:23  Overlord  
  28  2:25  Extractor  
  28  2:28  Zergling x2  
  28  2:37  Overlord  
  28  2:41  Queen x2  
  32  2:46  Extractor  
  32  2:47  Drone x2  
  32  2:49  Drone  
  35  2:52  Drone  
  36  2:59  Overlord  
  36  3:07  Extractor  
  36  3:19  Drone x9  
  46  3:20  Extractor  
  44  3:28  Queen  
  44  3:32  Zergling x4  
  47  3:36  Queen  
  50  3:41  Extractor  
  50  3:43  Overlord  
  49  3:55  Hatchery  
  49  3:57  Overlord  
  49  4:01  Zergling x10  
  54  4:08  Zergling x2  
  54  4:09  Zergling x6  
  58  4:13  Lair  
  55  4:25  Drone x2  
  55  4:30  Drone  
  55  4:31  Drone x3  
  61  4:33  Extractor, Baneling Nest  
  61  4:34  Queen, Extractor  
  61  4:36  Drone  
  61  4:38  Drone  
  61  4:44  Drone  
  63  4:46  Drone x3  
  66  4:57  Drone x2  
  66  5:02  Extractor, Spore Crawler  
  66  5:03  Drone  
  66  5:05  Drone  
  66  5:10  Drone  
  66  5:11  Overseer  
  67  5:15  Overlord  
  67  5:19  Evolution Chamber  
  66  5:21  Evolution Chamber  
  66  5:24  Overlord  
  65  5:39  Drone x6  
  68  5:51  Centrifical Hooks, Zerg Melee Weapons Level 1  
  68  5:53  Drone x2  
  69  5:58  Drone  
  69  5:59  Hatchery, Drone x8  
  77  6:08  Drone x2  
  77  6:11  Drone x3  
  77  6:17  Drone x2  
  76  6:19  Drone  
  76  6:22  Drone  
  76  6:24  Drone  
  79  6:27  Zergling x4  
  81  6:35  Overlord x2  
  80  6:40  Baneling x7  
  80  6:46  Zerg Ground Armor Level 1  
  80  6:48  Hydralisk Den  
  80  6:51  Zergling x4  
  81  6:55  Zergling x14  
  88  7:04  Drone x2  
  88  7:07  Drone  
  86  7:10  Drone  
  86  7:15  Drone x3  
  88  7:16  Drone x2  
  88  7:22  Muscular Augments  
  92  7:27  Infestation Pit  
  91  7:30  Drone x3  
  91  7:31  Hatchery  
  91  7:35  Extractor  
  91  7:36  Extractor  
  91  7:41  Overlord x2  
  91  7:42  Overlord  
  91  7:43  Baneling  
  91  7:45  Zergling x18  
  100  7:53  Zergling x6  
  100  7:56  Hydralisk x3  
  100  7:57  Zergling x2  
  99  7:59  Zergling x4  
  99  8:02  Hydralisk x3  
  99  8:04  Baneling x2  
  104  8:05  Hydralisk  
  104  8:08  Hydralisk x2  
  104  8:10  Baneling x3  
  104  8:11  Baneling x2  
  104  8:12  Zergling x6  
  111  8:13  Zerg Melee Weapons Level 2  
  109  8:20  Zergling x8  
  109  8:25  Hydralisk x3  
  109  8:26  Zergling x2  
  105  8:30  Zergling x2  
  105  8:31  Zergling x8  
  102  8:44  Hive  
  102  8:47  Hydralisk x2  
  106  8:50  Hatchery  
  105  8:55  Baneling x2  
  105  8:56  Baneling x2  
  105  8:59  Zergling x14  
  105  9:00  Zergling x2  
  113  9:11  Zergling x8  
  116  9:34  Drone x2  
  116  9:35  Drone  
  116  9:37  Overlord x5  
  119  9:57  Viper x2  
  125  10:00  Ultralisk Cavern  
  125  10:01  Hydralisk x3  
  125  10:02  Zergling x18  
  138  10:14  Baneling x3  
  138  10:15  Baneling  
  138  10:16  Drone  
  138  10:17  Drone x2, Zergling x2  
  138  10:18  Zergling x14  
  138  10:20  Baneling x5  
  149  10:23  Baneling x5  
  149  10:26  Zergling x6  
  150  10:35  Hydralisk x4  
  131  10:40  Hydralisk x2  
  131  10:41  Zergling x4  
  120  10:44  Zergling x4  
  120  10:48  Zergling x8  
  110  10:53  Zergling x8  
Show
View Real Time Build Order
Export as new Build Order

DokwoN Terran - Winner!

Build Orders: Liberator Opening, Reaper Expand, Bio Tank 

Get SALT Encoding   

  12  0:00  SCV  
  13  0:13  SCV  
  14  0:17  Supply Depot  
  14  0:25  SCV  
  15  0:39  SCV, Barracks  
  16  0:44  Refinery  
  16  0:51  SCV  
  17  1:03  SCV  
  18  1:15  SCV  
  19  1:27  Reaper, Orbital Command  
  20  1:40  Command Center  
  20  1:51  Supply Depot  
  20  1:53  SCV  
  21  1:59  Marine  
  22  2:05  SCV  
  23  2:09  Factory  
  23  2:12  Refinery  
  23  2:17  SCV  
  23  2:22  Barracks Reactor  
  24  2:29  SCV  
  25  2:41  SCV  
  26  2:51  Orbital Command  
  26  2:53  SCV  
  26  2:57  Starport  
  31  3:05  Hellion x2, SCV  
  31  3:07  Barracks Tech Lab  
  32  3:18  SCV  
  33  3:23  SCV  
  33  3:27  Hellion x2  
  37  3:30  SCV  
  38  3:34  Barracks Tech Lab  
  38  3:36  SCV  
  38  3:41  Supply Depot  
  39  3:42  SCV  
  39  3:44  Viking  
  39  3:48  SCV  
  42  3:56  Command Center  
  42  3:58  SCV  
  42  3:59  Liberator  
  42  4:00  SCV  
  42  4:02  Stimpack  
  44  4:03  Marine  
  45  4:10  SCV  
  45  4:12  SCV  
  50  4:21  Marine  
  50  4:22  SCV  
  52  4:24  SCV  
  52  4:30  Barracks  
  52  4:31  Barracks  
  53  4:34  SCV  
  53  4:36  Factory Reactor  
  53  4:37  Supply Depot  
  54  4:44  Supply Depot  
  54  4:53  Engineering Bay, Marine  
  54  4:58  Engineering Bay  
  54  5:06  SCV x2  
  56  5:09  Orbital Command  
  56  5:11  Marine  
  57  5:15  Starport Reactor  
  57  5:18  SCV x2  
  57  5:20  Marine x2  
  61  5:22  Siege Tank  
  61  5:24  Terran Infantry Armor Level 1, Terran Infantry Weapons Level 1  
  61  5:25  Refinery, Marine  
  61  5:26  Refinery, Marine  
  66  5:30  SCV x2, Marine  
  69  5:37  Marine  
  69  5:38  Marine  
  69  5:42  SCV x2  
  73  5:43  Marine x2  
  73  5:48  Marine  
  75  5:51  Supply Depot, Orbital Command  
  75  5:54  SCV  
  75  5:55  Marine x2  
  75  5:56  Medivac x2  
  81  5:58  Supply Depot, SCV  
  81  6:01  Marine x2  
  84  6:07  SCV  
  84  6:09  Siege Tank  
  84  6:11  SCV  
  83  6:16  Marine  
  83  6:17  Marine x2  
  86  6:19  SCV, Marine x2  
  86  6:23  SCV  
  86  6:24  SCV  
  88  6:28  Combat Shields  
  88  6:31  SCV  
  89  6:34  Marine  
  89  6:35  SCV  
  89  6:36  SCV  
  88  6:40  Supply Depot  
  88  6:42  Supply Depot  
  88  6:43  SCV  
  88  6:44  Marine x2  
  88  6:45  Marine x2  
  92  6:47  SCV  
  92  6:49  SCV  
  92  6:51  Armory  
  92  6:52  Marine  
  95  6:57  Supply Depot  
  95  6:58  Medivac x2  
  95  6:59  SCV  
  100  7:01  SCV  
  100  7:02  Marine x2  
  100  7:03  Marine  
  100  7:06  Marine  
  95  7:10  SCV, Marine  
  95  7:11  SCV  
  95  7:12  Barracks x2  
  95  7:14  SCV  
  99  7:21  Marine x3  
  99  7:22  SCV  
  103  7:23  SCV  
  103  7:24  Marine  
  103  7:25  Supply Depot  
  103  7:26  SCV  
  103  7:28  Marine  
  107  7:34  Refinery, SCV, Factory  
  107  7:35  Refinery, SCV  
  109  7:38  SCV  
  109  7:39  Terran Infantry Weapons Level 2  
  109  7:41  Terran Vehicle Weapons Level 1  
  109  7:42  Terran Infantry Armor Level 2  
  109  7:43  Marine  
  109  7:44  Marine  
  112  7:45  Marine  
  112  7:46  SCV  
  112  7:47  SCV, Marine x2  
  112  7:50  Supply Depot  
  117  7:55  SCV  
  118  8:01  Marine x2  
  118  8:03  Barracks Reactor, Marine  
  118  8:04  Barracks Reactor, Marine  
  119  8:13  SCV  
  119  8:14  SCV x2  
  122  8:22  Marine x2  
  122  8:23  Command Center  
  122  8:24  Marine x2  
  122  8:28  Marine  
  122  8:32  Siege Tank, Medivac  
  122  8:33  Medivac  
  125  8:35  Factory Tech Lab  
  125  8:37  Supply Depot, Factory  
  125  8:38  Marine  
  125  8:39  Marine  
  125  8:40  Marine x2  
  127  8:42  Supply Depot, Marine x3  
  127  8:43  Supply Depot  
  127  8:44  Supply Depot, Marine  
  127  8:45  Marine  
  132  8:53  SCV x3  
  135  8:56  Marine x2  
  135  8:58  Marine x2  
  135  8:59  Marine x2  
  141  9:02  Medivac  
  141  9:03  Siege Tank, Medivac  
  141  9:04  Siege Tank  
  141  9:05  SCV  
  152  9:12  SCV  
  152  9:13  SCV  
  154  9:17  SCV  
  155  9:25  SCV  
  155  9:26  SCV  
  155  9:29  SCV, Marine x2  
  158  9:32  Marine x2  
  158  9:35  Siege Tank  
  158  9:36  Factory Tech Lab, Refinery, Planetary Fortress  
  158  9:37  Siege Tank, Marine x3  
  158  9:38  Refinery, Marine x2  
  171  9:40  Medivac x2  
  175  9:46  Marine  
  175  9:47  Marine  
  175  9:50  Marine x2  
  179  9:54  Factory  
  179  9:55  Marine x3  
  179  9:56  Marine  
  179  9:57  Marine  
  179  9:59  Siege Tank  
  187  10:04  Marine  
  187  10:06  Missile Turret, Marine  
  188  10:23  Supply Depot  
  188  10:24  Supply Depot  
  188  10:30  Siege Tank  
  188  10:32  Marine  
  188  10:35  Marine x2  
  166  10:38  Siege Tank, Marine  
  166  10:41  Marine x3  
  160  10:42  Marine  
  160  10:43  Marine  
  160  10:47  Factory Tech Lab  
  163  10:50  Marine  
  163  10:54  SCV x4  
Tags
 
Add a new tag
Caveats
  • Supply blocks, unpowered buildings, or Contaminate may cause inaccurate times.
  • Supply counts are checked every 10 seconds.